 Dungeon Sprint DCSS version 0.31-a0-702-gf82c85558f (webtiles) character file.

Game seed: 3431172326955215946

228 sircluck the Ruffian (level 5, 0/96 HPs)
             Began as a Troll Berserker on Sept 8, 2023.
             Was an Elder of Trog.
             Slain by a human
             ... wielding a +0 hand axe
              (16 damage)
             ... in the Dungeon (Sprint III: "The Ten Rune Challenge").
             The game lasted 00:01:10 (273 turns).

sircluck the Ruffian (Troll Berserker)               Turns: 273, Time: 00:01:10

Health: 0/96       AC:  4    Str: 27    XL:     5   Next: 70%
Magic:  4/4        EV: 11    Int:  1    God:    Trog [****..]
Gold:   45         SH:  0    Dex:  9    Spells: 4/4 levels left

rFire   . .          .
                       - Unarmed
rCold   . . .        (no shield)
rNeg    . . .        a - +0 animal skin
rPois   .            (helmet restricted)
rElec   .            (no cloak)
rCorr   .            (gloves unavailable)
SInv    .            (boots unavailable)
Will    .....        (no amulet) Stlth
                     (no ring)
HPRegen 1.16/turn    (no ring)
MPRegen 0.09/turn

%: no teleportation, random rage (3%)
@: berserking, very quick
A: large, unfitting armour, claws 3, regeneration 1, shaggy fur 1, tough skin 1,
beak, berserk 1, dopey 1, robust 1
a: Renounce Religion, Berserk, Trog's Hand, Brothers in Arms


You were in the Dungeon.
You worshipped Trog.
Trog was greatly pleased with you.
You visited 1 branch You collected 45 gold pieces.

Inventory:

Armour
 a - a +0 animal skin (worn)
Scrolls
 g - a scroll of blinking
 i - 3 scrolls of poison {unknown}
 k - a scroll of immolation {unknown}
 l - 2 scrolls of identify
Potions
 b - a potion of curing
 c - a potion of heal wounds
 d - a potion of haste
 e - 2 potions of magic
 f - a potion of berserk rage
 h - a potion of mutation
 j - 3 potions of enlightenment


   Skills:
 + Level 6.3 Fighting
 + Level 6.2 Dodging
 + Level 7.4 Unarmed Combat


You had 4 spell levels left.
You didn't know any spells.
Your spell library was empty.

Dungeon Overview and Level Annotations

Branches:
Dungeon (1/1)

Altars:
Dithmenos
Kikubaaqudgha
Okawaru
Ru
Sif Muna
Trog
Uskayaw
Vehumet
Wu Jian
Yredelemnul


Innate Abilities, Weirdness & Mutations

You are too large for most types of armour.
You have claws for hands.
Your natural rate of healing is unusually fast.
You are covered in fur. (AC +1)
You have tough skin. (AC +1)
You have a beak for a mouth.
You sometimes lose your temper in combat.
You are dopey. (Int -2)
You are robust. (+10% HP)


Message History

You scratch the human.
The human is severely wounded.
The human closely misses you. The human hits you but does no damage.
You barely miss the human. Your peck misses the human.
Your claw misses the human.
The human is severely wounded.
The human hits you with a +0 hand axe! The human completely misses you.
You claw the human!
The human is almost dead.
The human hits you but does no damage. The human hits you with a +0 hand axe!
The human hits you.
You are too injured to fight recklessly!
You are too injured to fight recklessly!
You are too injured to fight recklessly!
You are too injured to fight recklessly!
You are too injured to fight recklessly!
You are too injured to fight recklessly!
You are too injured to fight recklessly!
You are too injured to fight recklessly!
The human attacks as it pursues you! The human misses you.
Okay, then.
A red film seems to cover your vision as you go berserk!
You feel yourself moving faster!
You feel mighty! The human hits you with a +0 hand axe!
* * * LOW HITPOINT WARNING * * *
The human hits you with a +0 hand axe!
* * * LOW HITPOINT WARNING * * *
You closely miss the human. Your peck misses the human.
The human closely misses you.
You miss the human. You claw the human!
The human is moderately wounded.
The human barely misses you.
You scratch the human. You peck the human!
The human is severely wounded.
The human closely misses you.
You closely miss the human.
The human is heavily wounded.
The human hits you with a +0 hand axe!
You die...

▓▓▓▓▓▓ ▓▓▓ ...♣.♣♣ ♣.#
######## ......♣ ♣♣.#
#___#__# ......♣ ♣..#
#p_.#._#
....~♣♣♣♣..###+#p###)##
...~~......#....@.....#
..~~~~.♣♣♣.'.⌠........#
..~≈≈~~~♣..#...######+#
.~~≈~~~....#.⌠.#
.~≈~~~.....#...#
.~~~.......#)###
...........#.).#
...........#___#
▓▓▓▓▓▓▓▓▓▓▓▓▓▓▓▓


You could see 2 humans.

Vanquished Creatures
  A necrophage (D)
  A water elemental (D)
  A wizard (D)
  A necromancer (D)
  A kobold demonologist (D)
  A human (D)
  A wolf (D)
  An endoplasm (D)
  3 rats (D)
11 creatures vanquished.

Notes
Turn   | Place    | Note
-------+----------+-------------------------------------------
     0 | D        | sircluck the Troll Berserker began the quest for the Orb.
     0 | D        | Reached XP level 1. HP: 22/22 MP: 0/0
    14 | D        | Reached ** piety under Trog
    46 | D        | Reached skill level 4 in Unarmed Combat
    46 | D        | Reached XP level 2. HP: 26/31 MP: 1/1
    57 | D        | Reached XP level 3. HP: 30/39 MP: 2/2
    81 | D        | Gained mutation: You occasionally lose the ability to read
                  | scrolls when taking damage. [potion of mutation]
    81 | D        | Gained mutation: You are weak. (Str -2) [potion of
                  | mutation]
    81 | D        | Gained mutation: You have sharp toenails. [potion of
                  | mutation]
    82 | D        | Lost mutation: You have sharp toenails. [potion of
                  | mutation]
    82 | D        | Lost mutation: You occasionally lose the ability to read
                  | scrolls when taking damage. [potion of mutation]
    82 | D        | Lost mutation: You are weak. (Str -2) [potion of mutation]
    82 | D        | Gained mutation: You sometimes lose your temper in combat.
                  | [potion of mutation]
    82 | D        | Gained mutation: You are robust. (+10% HP) [potion of
                  | mutation]
    82 | D        | Gained mutation: You occasionally lose the ability to read
                  | scrolls when taking damage. [potion of mutation]
    83 | D        | Lost mutation: You sometimes lose your temper in combat.
                  | [potion of mutation]
    83 | D        | Lost mutation: You occasionally lose the ability to read
                  | scrolls when taking damage. [potion of mutation]
    83 | D        | Gained mutation: You sometimes lose your temper in combat.
                  | [potion of mutation]
    83 | D        | Gained mutation: You are dopey. (Int -2) [potion of
                  | mutation]
    83 | D        | Gained mutation: You have a beak for a mouth. [potion of
                  | mutation]
    99 | D        | Noticed a water elemental
   103 | D        | Killed a water elemental
   104 | D        | Reached skill level 5 in Unarmed Combat
   104 | D        | Reached XP level 4. HP: 42/53 MP: 3/3
   197 | D        | Found a radiant altar of Vehumet.
   197 | D        | Found a shimmering blue altar of Sif Muna.
   197 | D        | Found an ancient bone altar of Kikubaaqudgha.
   197 | D        | Noticed a wizard
   198 | D        | Killed a wizard
   198 | D        | Reached *** piety under Trog
   199 | D        | Reached skill level 5 in Fighting
   199 | D        | Reached skill level 5 in Dodging
   199 | D        | Reached skill level 6 in Unarmed Combat
   203 | D        | Reached XP level 5. HP: 62/62 MP: 4/4
   216 | D        | Found a basalt altar of Yredelemnul.
   216 | D        | Found a shadowy altar of Dithmenos.
   216 | D        | Found a sacrificial altar of Ru.
   221 | D        | Reached **** piety under Trog
   226 | D        | Reached skill level 7 in Unarmed Combat
   261 | D        | Found a hide-covered altar of Uskayaw.
   261 | D        | Found an iron altar of Okawaru.
   261 | D        | Found a bloodstained altar of Trog.
   261 | D        | Found an ornate altar of the Wu Jian Council.
   261 | D        | Noticed a human
   262 | D        | Noticed a human
   273 | D        | Slain by a human

Illustrated notes

Levels and vault maps discovered:
D:        dungeon_sprint_mu [sprint_mu_entry_forest, sprint_mu_temple_rooms,
          sprint_mu_d1_horrors, sprint_mu_d2_genie, sprint_mu_d3_branching,
          sprint_mu_orc_legion, sprint_mu_elf_gauntlet, sprint_mu_hive_nellie,
          sprint_mu_lair_fedhas, sprint_mu_vaults_butterflies,
          sprint_mu_slime_circle, sprint_mu_shoals_archi,
          sprint_mu_snake_twists, sprint_mu_blade_basic,
          sprint_mu_crypt_chambers, sprint_mu_tomb_spiral,
          sprint_mu_vestibule_basic, sprint_mu_gehenna_hellfire,
          sprint_mu_dis_giant, sprint_mu_tartarus_statrot,
          sprint_mu_cocytus_islands, sprint_mu_zot1]

Skill      XL: |  1  2  3  4  5 |
---------------+----------------+-----
Fighting       | 3 4 5 6 |  6.3
Dodging        | 3 4 5 6 |  6.2
Unarmed Combat | 4 5 6 7 |  7.4

Action                     |  1- 3 |  4- 6 || total
---------------------------+-------+-------++-------
  Melee: Unarmed           |    21 |    21 ||    42
         Punch             |     1 |       ||     1
         Peck              |       |     1 ||     1
 Invoke: Berserk           |     1 |     1 ||     2
    Use: Potion            |     3 |       ||     3
 Armour: Animal skin       |    11 |    15 ||    26
  Dodge: Dodged            |    10 |    10 ||    20

Table legend: (Time is in decaauts)
 A = Elapsed time spent in this place.
 B = Non-inter-level travel time spent in this place.
 C = Inter-level travel time spent in this place.
 D = Time resting spent in this place.
 E = Time spent auto-exploring this place.
 F = Levels seen in this place.
 G = Mean time per level.
                   A        B        C        D        E       F      G
               +--------+--------+--------+--------+--------+-----+--------+
         Total |    278 |    278 |      0 |    121 |     57 |   1 |  278.0 |
       Dungeon |    278 |    278 |      0 |    121 |     57 |   1 |  278.0 |
               +--------+--------+--------+--------+--------+-----+--------+

Top non-repeatable levels by time:
       D: 278 daAuts
